 Dungeon Crawl Stone Soup version 0.27-a0-1189-gb8eb6cee8e (webtiles) character file.

Game seed: 5148844567670984326

1754 polve the Basher (level 9, -1/59 HPs)
             Began as a Gargoyle Fighter on May 22, 2021.
             Was an Initiate of Qazlal.
             Killed from afar by Maggie (23 damage)
             ... with a bolt of fire
             ... on level 6 of the Dungeon.
             The game lasted 00:06:18 (7160 turns).

polve the Basher (Gargoyle Fighter)                 Turns: 7160, Time: 00:06:18

Health: -1/59      AC: 26    Str: 23    XL:     9   Next: 6%
Magic:  9/9        EV:  6    Int:  9    God:    Qazlal [......]
Gold:   280        SH:  9    Dex:  9    Spells: 8/8 levels left

rFire    . . .     SeeInvis .   b - +1 flail (protect)
rCold    + . .     Faith    .   c - +0 kite shield
rNeg     + . .     Spirit   .   m - +0 chain mail
rPois    ∞         Reflect  .   (no helmet)
rElec    +         Harm     .   g - +1 cloak
rCorr    .         Rampage  .   (no gloves)
Will     .....                  h - +0 pair of boots
Stlth    ..........             (no amulet)
HPRegen  0.19/turn              k - ring of protection from cold
MPRegen  0.11/turn              (no ring)

@: under a protective aura, mesmerised
A: sickness immunity, AC +6, negative energy resistance 1, electricity
resistance, torment resistance 1, petrification resistance
a: Renounce Religion


You were on level 6 of the Dungeon.
You worshipped Qazlal.
Qazlal was noncommittal.
You visited 2 branches of the dungeon, and saw 7 of its levels.

You collected 280 gold pieces.

Inventory:

Hand Weapons
 b - a +1 flail of protection (weapon)
Missiles
 a - a throwing net (quivered)
Armour
 c - a +0 kite shield (worn)
 g - a +1 cloak (worn)
 h - a +0 pair of boots (worn)
 m - a +0 chain mail (worn)
Jewellery
 k - a ring of protection from cold (left hand)
Wands
 r - a wand of flame (14)
 t - a wand of acid (7)
Scrolls
 d - a scroll of summoning
 e - 2 scrolls of immolation
 f - 3 scrolls of blinking
 i - 2 scrolls of teleportation
 j - a scroll of brand weapon {unknown}
 o - a scroll of amnesia {unknown}
 s - 2 scrolls of identify
Potions
 l - 3 potions of lignification
 n - a potion of haste
 p - 2 potions of flight
 q - a potion of attraction
 u - a potion of ambrosia {unknown}


   Skills:
 - Level 8.1 Fighting
 - Level 8.6 Maces & Flails
 + Level 4.3 Armour
 + Level 4.3 Shields


You had 8 spell levels left.
You didn't know any spells.
Your spell library contained the following spells:

 Spells                   Type           Power      Damage    Failure   Level
 Summon Small Mammal      Summ           0%         N/A       100%        1
 Call Imp                 Summ           0%         N/A       100%        2
 Call Canine Familiar     Summ           0%         N/A       100%        3
 Summon Guardian Golem    Hex/Summ       0%         N/A       100%        3
 Summon Ice Beast         Ice/Summ       0%         N/A       100%        4
 Summon Lightning Spire   Summ/Air       0%         N/A       100%        4


Dungeon Overview and Level Annotations

Branches:
Dungeon (6/15)             Temple (1/1) D:4

Altars:
Ashenzari
Cheibriados
Dithmenos
Elyvilon
Fedhas
Gozag
Hepliaklqana
Kikubaaqudgha
Makhleb
Okawaru
Qazlal
Ru
Sif Muna
Trog
Uskayaw
Vehumet
Wu Jian
Xom
Yredelemnul
Zin
The Shining One

Shops:
D:1 [   D:2 *

Annotations:
D:6 Maggie


Innate Abilities, Weirdness & Mutations

You are immune to sickness and miasma.
Your stone body is resilient. (AC +6)
You are immune to poison.
You resist negative energy. (rN+)
You are resistant to electric shocks. (rElec)
You are resistant to unholy torment.
You are immune to petrification.


Message History

Maggie gestures at you while chanting.
The bolt of fire hits you but does no damage.
You sock Maggie!
Maggie is moderately wounded.
Maggie hits you with a +0 war axe of pain.
You writhe in agony.
You closely miss Maggie.
Maggie is moderately wounded.
Maggie zaps a wand.
The puff of flame hits you.
Maggie zaps a wand.
The puff of flame hits you but does no damage.
You sock Maggie!
Maggie is heavily wounded.
Maggie casts a spell.
Maggie attempts to bespell you!
You are mesmerised by Maggie!
You hit Maggie.
Maggie is heavily wounded.
Maggie casts a spell at you.
The bolt of fire hits you but does no damage.
You hit Maggie.
Maggie is severely wounded.
Maggie hits you but does no damage.
You writhe in agony.
You hit Maggie but do no damage.
Maggie is severely wounded.
Maggie gestures wildly while chanting.
Maggie draws you further into her thrall.
You hit Maggie but do no damage.
Maggie is severely wounded.
Maggie says, "Have you seen any dragons?"
Maggie hits you but does no damage.
You writhe in agony.
Maggie points at you and mumbles some strange words.
The bolt of fire hits you!
You sock Maggie!
Maggie is almost dead.
Maggie barely misses you.
You hit Maggie but do no damage.
Maggie is almost dead.
Maggie casts a spell at you. The bolt of fire hits you!!
You die...

##### #...# ♣♣♣♣♣
#.#.# ♣♣≈≈≈≈♣♣
#.#.# ♣♣≈≈≈≈≈≈♣
#.#.#
≈≈≈≈≈≈≈≈♣♣#.#.#
≈≈≈≈≈≈≈≈P♣♣.#.#
≈≈≈≈≈≈≈≈P♣♣.#.#
P≈≈≈≈≈≈≈≈≈≈♣.#@#
♣≈PP≈≈≈≈≈≈≈≈♣.#@#
#≈≈PP≈≈≈≈≈≈≈..#.#
#≈≈≈≈≈≈≈≈≈≈≈.##.#
#≈≈≈≈≈≈PP≈≈≈.##.#
#≈PP≈≈P≈P≈≈≈.##.#
#≈≈≈≈≈≈.≈≈≈P.##.#
##PPP......PP.##.#
.....)........##.#


You could see Maggie (mesmerising).

Vanquished Creatures
  Sigmund (D:3)
  Eustachio (D:4)
  Duvessa (D:4)
  Edmund (D:4)
  2 black bears
  2 centaurs (D:5)
  Dowan (D:4)
  2 scorpions (D:5)
  3 electric eels (D:6)
  A howler monkey (D:3)
  A jelly (D:3)
  3 hounds
  An orc priest (D:4)
  Crazy Yiuf (D:4)
  A bullfrog skeleton (D:6)
  Terence (D:3)
  A centaur skeleton (D:5)
  3 orc wizards
  A hound skeleton (D:5)
  3 gnolls (D:3)
  10 adders
  An adder skeleton (D:5)
  3 worms
  2 dart slugs
  7 orcs
  3 ball pythons
  5 endoplasms
  3 giant cockroaches
  11 goblins
  6 hobgoblins
  7 jackals
  6 quokkas
  5 bats
  4 frilled lizards (D:1)
  9 kobolds
  3 rats
116 creatures vanquished.

Vanquished Creatures (others)
  An ufetubus (D:6)
  An orc (D:6)
  20 plants
22 creatures vanquished.

Grand Total: 138 creatures vanquished

Notes
Turn   | Place    | Note
-------+----------+-------------------------------------------
     0 | D:1      | polve the Gargoyle Fighter began the quest for the Orb.
     0 | D:1      | Reached XP level 1. HP: 14/14 MP: 1/1
   317 | D:1      | Found Jacvoud's Antique Armour Shop.
   327 | D:1      | Reached XP level 2. HP: 19/19 MP: 2/2
   704 | D:1      | Found a faded altar of an unknown god.
   751 | D:1      | Reached XP level 3. HP: 14/24 MP: 3/3
  1334 | D:2      | Reached XP level 4. HP: 26/29 MP: 4/4
  1611 | D:2      | Found Xyr Tuox's Assorted Antiques.
  1978 | D:3      | Noticed Terence
  1991 | D:3      | Killed Terence
  2399 | D:3      | Reached XP level 5. HP: 31/34 MP: 5/5
  2435 | D:3      | Reached skill level 5 in Fighting
  2696 | D:3      | Noticed Sigmund
  2707 | D:3      | Killed Sigmund
  2708 | D:3      | Reached skill level 5 in Maces & Flails
  2708 | D:3      | Reached XP level 6. HP: 17/41 MP: 6/6
  3293 | D:4      | Noticed Eustachio
  3294 | D:4      | Reached XP level 7. HP: 40/46 MP: 7/7
  3945 | D:4      | Found a staircase to the Ecumenical Temple.
  3957 | Temple   | Entered the Ecumenical Temple
  4244 | Temple   | Became a worshipper of Qazlal Stormbringer
  4303 | D:4      | Noticed Edmund
  4320 | D:4      | Killed Edmund
  4453 | D:4      | Killed Eustachio
  4454 | D:4      | Reached XP level 8. HP: 26/53 MP: 8/8
  4661 | D:4      | Noticed Duvessa
  4661 | D:4      | Noticed Dowan
  4921 | D:4      | Killed Duvessa
  5052 | D:4      | Killed Dowan
  5288 | D:4      | Found a runed translucent door.
  5289 | D:4      | Noticed Crazy Yiuf
  5567 | D:4      | Killed Crazy Yiuf
  5612 | D:5      | Entered Level 5 of the Dungeon
  6316 | D:5      | Found a bloodstained altar of Trog.
  6677 | D:6      | Reached XP level 9. HP: 29/59 MP: 9/9
  7142 | D:6      | Noticed Maggie
  7160 | D:6      | Killed from afar by Maggie

Illustrated notes

Levels and vault maps discovered:
D:1:      dpeg_arrival_erosion, layout_basic,
          shapermc_ecumenical_altar_mp_ritualfount, serial_shops, shop_coins
D:2:      layout_loops_ring, serial_shops, nicolae_shop_overgrown_old_shop
D:3:      layout_basic, uniq_terence, uniq_sigmund
D:4:      layout_rooms, minmay_temple_entry_antechambers, uniq_eustachio,
          uniq_crazy_yiuf_cottage, uniq_edmund, uniq_duvessa
D:5:      black_bear_nest_1, layout_cave_pods, kennysheep_flooded_box
D:6:      layout_rooms, serial_bayou, serial_bayou_lagoon_a,
          serial_bayou_crossing, serial_bayou_pond_d, serial_bayou_shore_a,
          serial_bayou_lake_a, serial_bayou_pond_c, minmay_statues_item,
          kennysheep_generic_room_8, uniq_maggie
Temple:   regret_index_temple_sigil_plot

Skill      XL: |  1  2  3  4  5  6  7  8 |
---------------+-------------------------+-----
Fighting       | 4 6 7 8 |  8.1
Maces & Flails | 3 5 7 8 |  8.6
Armour         | 4 |  4.3
Shields        | 4 |  4.3

Action                   |  1- 3 |  4- 6 |  7- 9 || total
-------------------------+-------+-------+-------++-------
Melee: Flail             |   158 |   116 |   333 ||   607
       Unarmed           |       |       |    11 ||    11
  Use: Potion            |       |     1 |     4 ||     5
       Scroll            |       |       |     6 ||     6
Armor: Scale mail        |   101 |    14 |       ||   115
       Chain mail        |       |    42 |   300 ||   342
       Skin              |       |       |     2 ||     2
Dodge: Dodged            |    63 |    29 |    94 ||   186
Block: Kite shield       |    94 |    55 |   200 ||   349

Table legend: (Time is in decaauts)
 A = Elapsed time spent in this place.
 B = Non-inter-level travel time spent in this place.
 C = Inter-level travel time spent in this place.
 D = Time resting spent in this place.
 E = Time spent auto-exploring this place.
 F = Levels seen in this place.
 G = Mean time per level.
                   A        B        C        D        E       F      G
               +--------+--------+--------+--------+--------+-----+--------+
         Total |   7415 |   7135 |    280 |      2 |   5682 |   7 | 1059.3 |
       Dungeon |   7109 |   6871 |    238 |      2 |   5421 |   6 | 1184.8 |
        Temple |    305 |    263 |     42 |      0 |    261 |   1 |  305.0 |
               +--------+--------+--------+--------+--------+-----+--------+

Top non-repeatable levels by time:
     D:3: 1962 daAuts
     D:4: 1494 daAuts
     D:1: 1114 daAuts
     D:5: 1045 daAuts
     D:2: 947 daAuts
     D:6: 544 daAuts
  Temple: 305 daAuts
